 Dungeon Crawl Stone Soup version 0.27-a0-328-g7f782ed93a (webtiles) character file.

Game seed: 7788802009704138968

66 inc the Stinger (level 3, 0/14 HPs)
             Began as a Felid Venom Mage on Feb 11, 2021.
             Slain by Natasha (8 damage)
             ... on level 2 of the Dungeon.
             The game lasted 00:02:22 (2430 turns).

inc the Stinger (Felid Venom Mage)                  Turns: 2430, Time: 00:02:22

Health: 0/14       AC:  1    Str:  4    XL:     3   Next: 96%
Magic:  3/7        EV: 18    Int: 17    God:
Gold:   100        SH:  0    Dex: 16    Spells: 5/6 levels left
                                        Lives:  0   Deaths: 0

rFire    . . .     SeeInvis +   (weapon unavailable)
rCold    . . .     Faith    .   (shield unavailable)
rNeg     . . .     Spirit   .   (armour unavailable)
rPois    .         Reflect  .   (helmet unavailable)
rElec    .         Harm     .   (cloak unavailable)
rCorr    .         Rampage  .   (gloves unavailable)
Will     .....                  (boots unavailable)
Stlth    +++.......             (no amulet)
HPRegen  0.04/turn              (no ring)
MPRegen  0.10/turn              (no ring)

@: very slightly contaminated, slowed, slow
A: very small, no armour, no weapons or thrown items, stealth, claws 1, fangs 3,
see invisible, speed 1, shaggy fur 1, sharp paws
a: no special abilities


You were on level 2 of the Dungeon.
You visited 1 branch of the dungeon, and saw 2 of its levels.

You collected 100 gold pieces.

Inventory:

Jewellery
 f - a ring of willpower {unknown}
Wands
 h - a wand of acid (4)
Scrolls
 b - a scroll of fog {unknown}
 c - 3 scrolls of teleportation {unknown}
 d - 4 scrolls of identify {unknown}
Potions
 a - a potion of curing {unknown}
 e - 2 potions of attraction {unknown}
 g - a potion of might {unknown}


   Skills:
 - Level 2.6 Dodging
 - Level 2.6 Stealth
 - Level 2.0 Spellcasting
 - Level 1.1 Transmutations
 + Level 4.4 Poison Magic


You had 5 spell levels left.
You knew the following spells:

 Your Spells              Type           Power        Failure   Level
a - Sting                 Tmut/Pois      44%          6%          1

Your spell library contained the following spells:

 Spells                   Type           Power        Failure   Level
 Poisonous Vapours        Pois/Air       18%          12%         2
 Ignite Poison            Fire/Tmut/Pois 8%           26%         3
 Olgreb's Toxic Radiance  Pois           16%          30%         4
 Mephitic Cloud           Conj/Pois/Air  6%           32%         3


Dungeon Overview and Level Annotations

Branches:
Dungeon (2/15)

Altars:
The Shining One

Annotations:
D:2 Natasha


Innate Abilities, Weirdness & Mutations

You cannot wear armour.
You are incapable of wielding weapons or throwing items.
Your paws allow you to move quietly. (Stealth)
You have sharp claws.
You have razor-sharp teeth.
You have supernaturally acute eyesight. (SInv)
You cover ground quickly.
You are covered in fur. (AC +1)
Your sharp claws are effective at attacking unaware monsters.


Message History

Natasha is lightly wounded.
Natasha closely misses you. The crimson imp closely misses you.
Unknown command.
Casting: Sting (safe; 6% risk of failure)
Confirm with . or Enter, or press ? or * to list all spells.
Aiming: Sting (safe; 6% risk of failure)
Press: ? - help, Shift-Dir - straight line, f/p - Natasha
Aim: Natasha (moderately wounded, poisoned, 36% to evade)
You miscast Sting.
You are very lightly contaminated with residual magic.
Nothing appears to happen.
Natasha closely misses you. The crimson imp misses you.
Casting: Sting (safe; 6% risk of failure)
Confirm with . or Enter, or press ? or * to list all spells.
Aiming: Sting (safe; 6% risk of failure)
Press: ? - help, Shift-Dir - straight line, f/p - Natasha
Aim: Natasha (moderately wounded, poisoned, 36% to evade)
The sting hits Natasha.
Natasha looks even sicker.
Natasha is heavily wounded.
Natasha stares at you and mumbles some strange words.
You feel yourself slow down. The crimson imp closely misses you.
Casting: Sting (safe; 6% risk of failure)
Confirm with . or Enter, or press ? or * to list all spells.
Aiming: Sting (safe; 6% risk of failure)
Press: ? - help, Shift-Dir - straight line, f/p - Natasha
Aim: Natasha (severely wounded, very poisoned, 36% to evade)
You miscast Sting.
Nothing appears to happen.
The crimson imp disappears in a puff of smoke!
Natasha casts a spell at you. The magic dart hits you.
Casting: Sting (safe; 6% risk of failure)
Confirm with . or Enter, or press ? or * to list all spells.
Aiming: Sting (safe; 6% risk of failure)
Press: ? - help, Shift-Dir - straight line, f/p - Natasha
Aim: Natasha (severely wounded, very poisoned, 36% to evade)
Okay, then.
Natasha extends her claws.
Natasha claws you!
Ouch! That really hurt!
You die...

#.#........# #.#........#
#######.#........#
#................#
##.###.###........# #..#
#.# #........# .#
#..###+###........# .#
#..###_'..........# .#
#..###@###........# .#.#
#..# #h# #........#####
.#.#
#..###l###.#+#.........
.#.#
##.ยง..5K....#...........
.#.#
#lK######.#####.########
.#.# ##.#######)# #.# #
.#.# ####..........###
#.# # .#.#
#...5K..........# #.# #
.'.# #....l.......##.#
#.# #


You could see Natasha (very poisoned), a white imp (summoned), a kobold and a
frilled lizard.

Vanquished Creatures
  2 adders (D:2)
  2 worms (D:2)
  5 leopard geckos
  2 giant cockroaches
  5 goblins
  6 hobgoblins
  4 kobolds (D:1)
  2 quokkas (D:2)
  4 bats
  A frilled lizard (D:2)
  2 rats
35 creatures vanquished.

Notes
Turn   | Place    | Note
-------+----------+-------------------------------------------
     0 | D:1      | inc the Felid Venom Mage began the quest for the Orb.
     0 | D:1      | Reached XP level 1. HP: 7/7 MP: 4/4
   116 | D:1      | Reached skill level 3 in Poison Magic
   399 | D:1      | Reached XP level 2. HP: 10/11 MP: 0/6
  1392 | D:2      | Found a glowing golden altar of the Shining One.
  1422 | D:2      | Reached XP level 3. HP: 6/14 MP: 2/7
  1762 | D:2      | Reached skill level 4 in Poison Magic
  2408 | D:2      | Noticed Natasha
  2430 | D:2      | Slain by Natasha

Illustrated notes

Levels and vault maps discovered:
D:1:      psy_arrival_terrarium, layout_rooms, minmay_tripent
D:2:      lemuel_upstairs_altar, layout_basic, lemuel_doored_altar, uniq_natasha

Skill      XL: |  1  2  3 |
---------------+----------+-----
Poison Magic   | 3 4 |  4.4
Dodging        | |  2.6
Stealth        | |  2.6
Spellcasting   | |  2.0
Transmutations | |  1.1

Action                   || total
-------------------------++-------
Melee: Unarmed           ||     8
 Cast: Sting             ||    68
Armor: Skin              ||     3
Dodge: Dodged            ||    51

Table legend: (Time is in decaauts)
 A = Elapsed time spent in this place.
 B = Non-inter-level travel time spent in this place.
 C = Inter-level travel time spent in this place.
 D = Time resting spent in this place.
 E = Time spent auto-exploring this place.
 F = Levels seen in this place.
 G = Mean time per level.
                   A        B        C        D        E       F      G
               +--------+--------+--------+--------+--------+-----+--------+
         Total |   2219 |   2210 |      9 |    700 |   1209 |   2 | 1109.5 |
       Dungeon |   2219 |   2210 |      9 |    700 |   1209 |   2 | 1109.5 |
               +--------+--------+--------+--------+--------+-----+--------+

Top non-repeatable levels by time:
     D:2: 1246 daAuts
     D:1: 973 daAuts
